 Dungeon Crawl Stone Soup version 0.28-a0-1404-g4df0f3684d (webtiles) character file.

Game seed: 693656524609746787

3992 oldriver the Digger (level 9, -9/117 HPs)
             Began as a Demigod Earth Elementalist on Jan 6, 2022.
             Mangled by Joseph (16 damage)
             ... on level 8 of the Dungeon.
             The game lasted 00:13:41 (11303 turns).

oldriver the Digger (Demigod Earth Elementalist)   Turns: 11303, Time: 00:13:42

Health: -9/117     AC:  8    Str:  9    XL:     9   Next: 73%
Magic:  2/22       EV: 11    Int: 29    God:
Gold:   408        SH:  0    Dex: 14    Spells: 15/21 levels left

rFire   + . .      SeeInvis .   o - +8 trident of the Wraith {vorpal, rC+ Will+}
rCold   + . .      Faith    .   (no shield)
rNeg    . . .      Spirit   .   m - +0 acid dragon scales
rPois   .          Reflect  .   (no helmet)
rElec   .          Harm     .   (no cloak)
rCorr   +          Rampage  .   n - +1 pair of gloves
Will    +....                   (no boots)
Stlth   ..........              (no amulet)
HPRegen 0.29/turn               f - ring of protection from fire
MPRegen 0.18/turn               (no ring)

@: berserking, very quick
A: high mp 1, forlorn, divine attributes
a: no special abilities


You were on level 8 of the Dungeon.
You visited 1 branch of the dungeon, and saw 8 of its levels.
You also visited: Sewer.

You collected 408 gold pieces.

Inventory:

Hand Weapons
 o - the +8 trident of the Wraith (weapon) {vorpal, rC+ Will+}
   (You found it on level 4 of the Dungeon)

   It inflicts extra damage upon your enemies.
   rC:        It protects you from cold.
   Will:      It increases your willpower.
Missiles
 c - 113 stones
Armour
 m - +0 acid dragon scales (worn)
 n - a +1 pair of gloves (worn)
Jewellery
 f - a ring of protection from fire (left hand)
Wands
 h - a wand of acid (10)
 y - a wand of flame (16)
Scrolls
 a - a scroll of silence
 d - 2 scrolls of summoning
 e - a scroll of noise
 g - 2 scrolls of enchant armour
 l - a scroll of identify
 p - 2 scrolls of fog
 q - 2 scrolls of magic mapping
 r - 3 scrolls of teleportation
Potions
 i - 2 potions of might
 j - a potion of degeneration
 k - 2 potions of curing
 w - a potion of cancellation
 z - 2 potions of berserk rage
 B - a potion of mutation


   Skills:
 + Level 6.8 Fighting
 - Level 2.0 Polearms
 - Level 1.7 Dodging
 - Level 1.7 Stealth
 + Level 6.5 Spellcasting
 - Level 5.0 Conjurations
 - Level 0.8 Transmutations
 + Level 7.4 Earth Magic


You had 15 spell levels left.
You knew the following spells:

 Your Spells              Type           Power      Damage    Failure   Level
a - Sandblast             Erth           100%       2d20      1%          1
b - Passwall              Tmut/Erth      27%        N/A       2%          2
c - Stone Arrow           Conj/Erth      90%        3d12      1%          3

Your spell library contained the following spells:

 Spells                   Type           Power      Damage    Failure   Level
 Shock                    Conj/Air       96%        1d9       3%          1
 Petrify                  Tmut/Erth      33%        N/A       16%         4
 Confusing Touch          Hex            9%         N/A       26%         3
 Inner Flame              Hex/Fire       9%         N/A       26%         3
 Swiftness                Air            9%         N/A       26%         3
 Flame Wave               Conj/Fire      24%        2d6       32%         4
 Airstrike                Air            4%         N/A       65%         4
 Cause Fear               Hex            4%         N/A       65%         4
 Yara's Violent Unravell  Hex/Tmut       6%         3d5       91%         5
 Statue Form              Tmut/Erth      22%        N/A       94%         6
 Enfeeble                 Hex            4%         N/A       100%        7
 Discord                  Hex            4%         N/A       100%        8
 Fire Storm               Conj/Fire      12%        8d3       100%        9
 Shatter                  Erth           26%        3d22*     100%        9


Dungeon Overview and Level Annotations

Branches:
Dungeon (8/15)             Temple (0/1) D:7           Sewer (visited)
   Lair: D:8-11

Annotations:
D:4 1 runed translucent door, HallandMoats's ghost, amateur MiFi
D:8 Joseph


Innate Abilities, Weirdness & Mutations

You have an increased reservoir of magic. (+10% MP)
You shall have no god before yourself.
Your divine heritage dramatically boosts your attributes as you level up.


Message History

Joseph is moderately wounded.
Joseph closely misses you.
The stone arrow hits Joseph!
Joseph is heavily wounded.
Joseph hits you with a +0 quarterstaff!
You are too injured to fight recklessly!
You are too injured to fight recklessly!
Casting: Stone Arrow (safe; 1% risk of failure)
Confirm with . or Enter, or press ? or * to list all spells.
Aiming: Stone Arrow (safe; 1% risk of failure)
Press: ? - help, Shift-Dir - straight line, f/p - Joseph
Aim: Joseph, wielding a +0 quarterstaff, wearing a +0 ring mail and quivering sling bullets (heavily wounded, 79% to hit)
The stone arrow hits Joseph!
Joseph is heavily wounded.
Joseph hits you with a +0 quarterstaff.
Casting: Stone Arrow (safe; 1% risk of failure)
Confirm with . or Enter, or press ? or * to list all spells.
Aiming: Stone Arrow (safe; 1% risk of failure)
Press: ? - help, Shift-Dir - straight line, f/p - Joseph
Aim: Joseph, wielding a +0 quarterstaff, wearing a +0 ring mail and quivering sling bullets (heavily wounded, 79% to hit)
The stone arrow misses Joseph.
Joseph hits you with a +0 quarterstaff!
* * * LOW HITPOINT WARNING * * *
Unknown command.
Casting: Stone Arrow (safe; 1% risk of failure)
Confirm with . or Enter, or press ? or * to list all spells.
Aiming: Stone Arrow (safe; 1% risk of failure)
Press: ? - help, Shift-Dir - straight line, f/p - Joseph
Aim: Joseph, wielding a +0 quarterstaff, wearing a +0 ring mail and quivering sling bullets (heavily wounded, 79% to hit)
The stone arrow hits Joseph!!
Joseph is severely wounded.
Joseph hits you with a +0 quarterstaff!
* * * LOW HITPOINT WARNING * * *
Casting: Stone Arrow (safe; 1% risk of failure)
Confirm with . or Enter, or press ? or * to list all spells.
You don't have enough magic to cast this spell.
Unknown command.
A red film seems to cover your vision as you go berserk!
You feel yourself moving faster!
You feel mighty! Joseph hits you with a +0 quarterstaff!
You die...

.@......# .......+ #
......# #. ##+##.....#
#.###...+.....#
#...........$.#
#..#######....###########
#..#.....#..#............
##.#....@#.##............
#.#.._..@.##............
#.#.....#.##............
#.#.....#.##............
#.#######..#..........".
#..........#............
###................#'###
#................#..'.
#................+..#.


You could see Joseph.

Vanquished Creatures
  A two-headed ogre (D:5)
  Prince Ribbit (D:8)
  4 yaks (D:8)
  An acid dragon (D:8)
  Pargi (Sewer)
  2 black bears
  A hornet zombie (D:8)
  A necrophage (D:6)
  4 ogres
  A centaur (D:7)
  2 phantoms
  A kobold brigand (D:7)
  A bullfrog (D:7)
  A scorpion (D:5)
  A wyvern zombie (D:6)
  A water moccasin skeleton (D:7)
  A water moccasin zombie (D:6)
  4 killer bees (D:8)
  A howler monkey (D:6)
  2 bullfrog zombies
  2 hounds
  3 centaur zombies
  4 jellies
  4 orc priests
  A gnoll shaman (D:8)
  An iguana (D:4)
  A bullfrog skeleton (D:5)
  A centaur skeleton (D:6)
  4 orc wizards
  3 killer bee zombies
  A hound skeleton (D:5)
  2 howler monkey zombies (D:6)
  3 howler monkey skeletons
  4 gnolls (D:8)
  3 adders
  A white imp (D:6)
  An ufetubus (D:5)
  An adder skeleton (D:5)
  2 worms
  A dart slug (D:3)
  23 orcs
  11 endoplasms
  A giant cockroach (D:3)
  6 goblins
  8 hobgoblins
  3 quokkas
  13 ball pythons
  10 bats
  9 frilled lizards
  10 kobolds
  6 rats
175 creatures vanquished.

Notes
Turn   | Place    | Note
-------+----------+-------------------------------------------
     0 | D:1      | oldriver the Demigod Earth Elementalist began the quest for
                  | the Orb.
     0 | D:1      | Reached XP level 1. HP: 14/14 MP: 5/5
   265 | D:1      | Reached XP level 2. HP: 20/22 MP: 1/7
   638 | D:1      | Reached skill level 1 in Fighting
   638 | D:1      | Reached skill level 3 in Earth Magic
   793 | D:1      | Learned a level 2 spell: Passwall
  1208 | D:2      | Reached XP level 3. HP: 28/28 MP: 7/9
  2217 | D:3      | Reached XP level 4. HP: 31/36 MP: 5/10
  3095 | D:4      | Identified the +8 trident of the Wraith {vorpal, rC+ Will+}
  3280 | D:3      | Learned a level 3 spell: Stone Arrow
  3286 | D:4      | Reached XP level 5. HP: 27/42 MP: 7/12
  3688 | D:4      | Found a runed translucent door.
  3689 | D:4      | Noticed HallandMoats's ghost (amateur MiFi)
  3698 | D:4      | Noticed an ogre
  3937 | D:4      | Killed an ogre
  3938 | D:4      | Reached skill level 1 in Conjurations
  3938 | D:4      | Reached skill level 4 in Earth Magic
  4024 | D:4      | Noticed a black bear
  4034 | D:4      | Killed a black bear
  4035 | D:4      | Reached XP level 6. HP: 30/51 MP: 12/14
  4701 | D:5      | Entered Level 5 of the Dungeon
  4758 | D:5      | Found a glowing drain.
  4774 | Sewer    | Entered a sewer
  4873 | Sewer    | Noticed Pargi
  4891 | Sewer    | Killed Pargi
  5129 | D:5      | Noticed a two-headed ogre
  5156 | D:5      | Killed a two-headed ogre
  5157 | D:5      | Reached skill level 5 in Earth Magic
  5157 | D:5      | Reached XP level 7. HP: 8/60 MP: 4/17
  5907 | D:5      | Reached XP level 8. HP: 67/67 MP: 11/18
  6341 | D:5      | Reached skill level 5 in Spellcasting
  6604 | D:6      | Reached skill level 5 in Fighting
  6745 | D:6      | Reached skill level 6 in Earth Magic
  8094 | D:7      | Reached XP level 9. HP: 74/74 MP: 4/21
  8212 | D:7      | Found a staircase to the Ecumenical Temple.
  8238 | D:7      | Reached skill level 5 in Conjurations
  9166 | D:6      | Identified a scroll of acquirement
  9166 | D:6      | Acquired Sif Muna's Almanac of the Special Wonders
  9796 | D:8      | Reached skill level 1 in Polearms
 10229 | D:8      | Reached skill level 7 in Earth Magic
 11090 | D:8      | Noticed Prince Ribbit
 11097 | D:8      | Killed Prince Ribbit
 11283 | D:8      | Noticed Joseph
 11303 | D:8      | Mangled by Joseph

Illustrated notes

Levels and vault maps discovered:
D:1:      onia_arrival_mini_spirals, layout_loops_ring,
          chequers_ecumenical_altar_island, hangedman_decor_clover_reticule,
          minmay_misc_feat_doors
D:2:      layout_rooms
D:3:      layout_basic, kennysheep_generic_room_14
D:4:      minmay_wonky_spiral, layout_gridville, nicolae_overflow_hidden_temple,
          gammafunk_ghost_grave
D:5:      wander_river, layout_basic, nicolae_uskayaw_dance_hall,
          cheibrodos_sewer_entry_sluice, hex_intersection, minmay_ruined_shrine
D:6:      layout_basic, minmay_misc_feat_pillars, abandoned_shop
D:7:      layout_cave_pods, temple_doors_ab, serial_glass, glass_columns_a,
          glass_columns_a, serial_park_tiny_2, hangedman_glass_teeth,
          minmay_crystal_room
D:8:      layout_gridville, mainiacjoe_overflow_tiny_flanked,
          amcnicky_altar_gilded, uniq_prince_ribbit1, uniq_joseph

Skill      XL: |  1  2  3  4  5  6  7  8  9 |
---------------+----------------------------+-----
Spellcasting   | 2 3 4 5 6 |  6.5
Fighting       | 1 2 3 4 5 6 |  6.8
Earth Magic    | 3 4 5 6 7 |  7.4
Conjurations   | 1 3 4 5 |  5.0
Polearms       | 2 |  2.0
Dodging        | |  1.7
Stealth        | |  1.7
Transmutations | |  0.8

Action                   |  1- 3 |  4- 6 |  7- 9 || total
-------------------------+-------+-------+-------++-------
Melee: Long sword        |    19 |    13 |       ||    32
       Unarmed           |     5 |       |       ||     5
       Trident           |       |    39 |    51 ||    90
       Punch             |       |     1 |       ||     1
 Cast: Sandblast         |    61 |    29 |       ||    90
       Stone Arrow       |       |    15 |   135 ||   150
  Use: Scroll            |       |       |    14 ||    14
       Potion            |       |       |    10 ||    10
 Stab: Sleeping          |     1 |     2 |     1 ||     4
       Invisible         |       |       |     2 ||     2
Armor: Robe              |     7 |    28 |    13 ||    48
       Acid dragon scale |       |       |     2 ||     2
Dodge: Dodged            |    31 |    61 |    67 ||   159

Table legend: (Time is in decaauts)
 A = Elapsed time spent in this place.
 B = Non-inter-level travel time spent in this place.
 C = Inter-level travel time spent in this place.
 D = Time resting spent in this place.
 E = Time spent auto-exploring this place.
 F = Levels seen in this place.
 G = Mean time per level.
                   A        B        C        D        E       F      G
               +--------+--------+--------+--------+--------+-----+--------+
         Total |  11439 |  11083 |    356 |   2900 |   6775 |   9 | 1271.0 |
       Dungeon |  11068 |  10712 |    356 |   2746 |   6642 |   8 | 1383.5 |
         Sewer |    371 |    371 |      0 |    154 |    133 |   1 |  371.0 |
               +--------+--------+--------+--------+--------+-----+--------+

Top non-repeatable levels by time:
     D:3: 1671 daAuts
     D:6: 1621 daAuts
     D:7: 1614 daAuts
     D:5: 1585 daAuts
     D:8: 1516 daAuts
     D:4: 1356 daAuts
     D:1: 959 daAuts
     D:2: 742 daAuts
   Sewer: 371 daAuts
